 Dungeon Crawl Stone Soup version 0.17-a0-1519-g2001520 (webtiles) character file.

3187 matakusis the Ducker (level 9, -2/68 HPs)
             Began as a Demonspawn Gladiator on July 13, 2015.
             Was a Believer of Dithmenos.
             Slain by a wyvern zombie (4 damage)
             ... on level 7 of the Dungeon.
             The game lasted 00:56:14 (8392 turns).

matakusis the Ducker (Demonspawn Gladiator)         Turns: 8392, Time: 00:56:14

Health: -2/68      AC: 11    Str: 19    XL:     9   Next: 64%
Magic:  0/9        EV: 10    Int:  9    God:    Dithmenos [**....]
Gold:   354        SH:  0    Dex: 18    Spells: 0 memorised, 8 levels left

rFire  + . .     SeeInvis +     s - -1 dagger (curse)
rCold  . . .     Clarity  .     k - +4 scale mail {rPois}
rNeg   . . .     SustAt   .     (no shield)
rPois  +         Gourm    .     (helmet restricted)
rElec  .         Spirit   +     c - +0 cloak
rCorr  .         Warding  .     x - +0 pair of gloves
rMut   .         Stasis   .     (no boots)
MR     .....                    j - amulet of guardian spirit
Stlth  ++++++....               C - ring of protection from fire
                                l - ring of see invisible

@: wreathed by umbra, not resistant to hostile enchantments, very stealthy
A: horns 1, thin skeletal structure 2, deformed body, nightstalker 2, rot
immunity
a: Shadow Step, Renounce Religion


You were on level 7 of the Dungeon.
You worshipped Dithmenos.
Dithmenos was pleased with you.
You were hungry.

You visited 2 branches of the dungeon, and saw 8 of its levels.

You collected 354 gold pieces.

Inventory:

Hand weapons
 a - a +1 war axe
 n - a +2 hand axe of distortion
 r - a +1 short sword of venom
 s - a cursed -1 dagger (weapon)
 A - a +2 flail of protection
Missiles
 d - 4 throwing nets (quivered)
Armour
 b - a +0 leather armour
 c - a +0 cloak (worn)
 k - a +4 scale mail of poison resistance (worn)
 x - a +0 pair of gloves (worn)
 E - a +0 leather armour of fire resistance
Magical staves
 w - an uncursed staff of death {unknown}
Jewellery
 j - an amulet of guardian spirit (around neck)
 l - a ring of see invisible (left hand)
 q - an uncursed ring of flight
 C - a ring of protection from fire (right hand)
Magical devices
 e - a wand of paralysis (10)
 o - a wand of flame (16)
 p - a wand of cold (7)
 t - a wand of slowing (35)
 B - a wand of slowing (41)
 I - a wand of slowing (28)
Scrolls
 z - 5 scrolls of identify
 F - 2 scrolls of enchant weapon
Potions
 h - 2 potions of curing
 D - a potion of brilliance
 G - a potion of berserk rage {unknown}
Books
 u - Sif Muna's Catalogue of Ice
   (You found it on level 3 of the Dungeon)

   Spells                             Type                      Level
   a - Freeze                         Ice                          1
 H - a book of Battle

   Spells                             Type                      Level
   a - Infusion                       Charms                       1
   b - Shroud of Golubria             Charms/Translocation         2
   c - Song of Slaying                Charms                       2
   d - Spectral Weapon                Hexes/Charms                 3
   e - Regeneration                   Charms/Necromancy            3
Comestibles
 f - 4 meat rations
 g - 3 chunks of flesh
 i - 13 fruits
 m - a slice of pizza
 v - a royal jelly


   Skills:
 + Level 5.1 Fighting
 + Level 2.5 Short Blades
 + Level 4.2(4.3) Axes
 + Level 1.0(2.8) Maces & Flails
 - Level 1.8 Throwing
 + Level 6.1 Armour
 + Level 7.3 Dodging
 + Level 5.8 Stealth


You had 8 spell levels left.
You didn't know any spells.

Dungeon Overview and Level Annotations

Branches:
Dungeon (7/15)             Temple (1/1) D:5

Altars:
Ashenzari
Cheibriados
Dithmenos
Elyvilon
Gozag
Kikubaaqudgha
Makhleb
Okawaru
Qazlal
Ru
Sif Muna
Trog
Vehumet
Xom
Yredelemnul

Annotations:
D:6 mrath's ghost, experienced GrEE


Innate Abilities, Weirdness & Mutations

You have a pair of small horns on your head.
You have a moderately thin skeletal structure (Dex +4, Stealth+).
You are significantly more attuned to the shadows.
You are immune to rotting.
Armour fits poorly on your strangely shaped body.


Message History

The wyvern zombie bites you!
* * * LOW HITPOINT WARNING * * *
An orc comes into view. It is wielding a hand axe.
The wyvern zombie bites you!
* * * LOW HITPOINT WARNING * * *
The wyvern zombie bites you but does no damage.
The wyvern zombie bites you but does no damage.
The wyvern zombie bites you but does no damage.
The wyvern zombie bites you.
* * * LOW HITPOINT WARNING * * *
There is a stone staircase leading down here.
Welcome back, matakusis the Demonspawn Gladiator.
Dithmenos says: Spread the eternal night.
Press ? for a list of commands and other information.
Drink which item? (? for menu, Esc to quit)
Okay, then.
Read which item? (? for menu, Esc to quit)
Okay, then.
The wyvern zombie bites you.
You die...

#.# #.#.##.#####[###.# #.#
#.#.##...........# #.#
#######.#.##...).....### #.#
#.......#............# #.#
#.......###..)).##.#.#
#.###.......###..........###
#.........................?.
####........###.........)...
#.......@Z..........#.###
#........####.#####.#.###
#.###.#### #...........# #.#
#.# #.#####.###.# #.# #.#
#.#####.###.. #.# #.#
#........#### #.# #.#
###.#####..# #.# #.# #...#
#..# #.# #.### #..###


You could see a wyvern zombie.

Vanquished Creatures
  The ghost of amnekian the Chiller, an experienced HuIE (D:4)
  Sigmund (D:3)
  Eustachio (D:6)
  Edmund (D:4)
  A hippogriff (D:7)
  2 ice beasts
  Duvessa (D:7)
  A black bear (D:6)
  2 sky beasts
  3 ogres
  7 giant frogs
  2 scorpions (D:4)
  Dowan (D:7)
  2 crimson imps
  A gnoll shaman (D:7)
  3 orc wizards
  A centaur skeleton (D:5)
  3 hounds
  An iguana (D:5)
  6 orc priests
  Terence (D:2)
  Natasha (twice) (D:3)
  5 worker ants
  3 hound skeletons
  7 adders
  5 gnolls (D:7)
  A shadow imp (D:6)
  An ooze (D:6)
  3 worms
  5 giant geckos
  21 orcs
  2 bat zombies
  4 giant cockroaches
  14 goblins
  16 hobgoblins
  3 quokkas
  2 ball pythons (D:2)
  13 bats
  9 giant newts
  11 jackals
  11 kobolds
  18 rats
198 creatures vanquished.

Vanquished Creatures (others)
  A jackal (D:6)
1 creature vanquished.

Grand Total: 199 creatures vanquished

Notes
Turn   | Place    | Note
--------------------------------------------------------------
     0 | D:1      | matakusis the Demonspawn Gladiator began the quest for the Orb.
     0 | D:1      | Reached XP level 1. HP: 16/16 MP: 1/1
   123 | D:1      | Reached skill level 3 in Axes
   168 | D:1      | Gained mutation: You have a somewhat thin skeletal structure (Dex +2, Stealth). [demonic ancestry]
   168 | D:1      | Reached XP level 2. HP: 13/22 MP: 2/2
   677 | D:2      | Gained mutation: You have a moderately thin skeletal structure (Dex +4, Stealth+). [demonic ancestry]
   677 | D:2      | Reached XP level 3. HP: 18/27 MP: 3/3
   688 | D:2      | Noticed Terence
   700 | D:2      | Killed Terence
  1022 | D:2      | Reached skill level 1 in Armour
  1022 | D:2      | Reached XP level 4. HP: 26/34 MP: 2/4
  1416 | D:2      | Found a burning altar of Makhleb.
  1736 | D:3      | Noticed Sigmund
  1743 | D:3      | Killed Sigmund
  1743 | D:3      | Reached skill level 4 in Axes
  1743 | D:3      | Gained mutation: You have a pair of small horns on your head. [demonic ancestry]
  1743 | D:3      | Reached XP level 5. HP: 39/41 MP: 5/5
  1743 | D:3      | Gained mutation: You are slightly more attuned to the shadows. [demonic ancestry]
  1743 | D:3      | Reached XP level 6. HP: 44/47 MP: 6/6
  1845 | D:3      | Noticed Natasha
  1851 | D:3      | Killed Natasha
  2072 | D:3      | Noticed Natasha
  2080 | D:3      | Killed Natasha
  2142 | D:3      | Found a deep blue altar of Sif Muna.
  2436 | D:3      | Identified Sif Muna's Catalogue of Ice (You found it on level 3 of the Dungeon)
  2580 | D:4      | Found a shimmering altar of Xom.
  2729 | D:4      | Gained mutation: You are significantly more attuned to the shadows. [demonic ancestry]
  2729 | D:4      | Reached XP level 7. HP: 50/53 MP: 7/7
  2745 | D:4      | Noticed Edmund
  2766 | D:4      | Killed Edmund
  2766 | D:4      | Reached skill level 1 in Stealth
  2826 | D:4      | Reached skill level 1 in Short Blades
  2865 | D:4      | Reached skill level 5 in Dodging
  3097 | D:4      | Noticed amnekian's ghost (experienced HuIE)
  3123 | D:4      | Killed amnekian's ghost
  3123 | D:4      | Gained mutation: You are immune to rotting. [demonic ancestry]
  3123 | D:4      | Reached XP level 8. HP: 12/60 MP: 1/8
  3451 | D:5      | Entered Level 5 of the Dungeon
  3492 | D:5      | Found a staircase to the Ecumenical Temple.
  3582 | Temple   | Entered the Ecumenical Temple
  3749 | Temple   | Became a worshipper of Dithmenos the Shadowed
  3980 | D:5      | Found an opulent altar of Gozag.
  4173 | D:5      | Reached skill level 1 in Maces & Flails
  4667 | D:6      | Noticed mrath's ghost (experienced GrEE)
  5385 | D:5      | Reached skill level 6 in Dodging
  5648 | D:6      | Found a sacrificial altar of Ru.
  5716 | D:6      | Gained mutation: Armour fits poorly on your strangely shaped body. [mutagenic meat]
  5817 | D:6      | Reached skill level 5 in Armour
  5904 | D:6      | Reached XP level 9. HP: 66/66 MP: 9/9
  6388 | D:6      | Noticed Eustachio
  6432 | D:6      | Killed Eustachio
  6706 | D:6      | Reached skill level 5 in Stealth
  7463 | D:7      | Reached skill level 7 in Dodging
  7585 | D:7      | Noticed Dowan
  7590 | D:7      | Noticed Duvessa
  7592 | D:7      | Killed Dowan
  7620 | D:7      | Killed Duvessa
  7930 | D:7      | Reached skill level 5 in Fighting
  7965 | D:7      | Acquired Dithmenos's first power
  8375 | D:7      | HP: 3/68 [wyvern zombie (5)]
  8388 | D:7      | HP: 1/68 [wyvern zombie (5)]
  8392 | D:7      | Slain by a wyvern zombie

Vault maps used:
D:1:      onia_arrival_mini_spirals
D:2:      lemuel_coloured_pillars_altar, grunt_decor_clamped, uniq_terence
D:3:      corexii_shack_village, led_sif_book, uniq_natasha, uniq_sigmund
D:4:      xom_teletrap_fun, minmay_bisected, uniq_edmund
D:5:      kennysheep_mini_moat, temple_fountains, first_bread,
          minmay_tree_intersection
D:6:      dk_noncrumbling_4, nicolae_ru_sacrificial_ziggurat, uniq_eustachio
D:7:      serial_shops, shop, uniq_duvessa
Temple:   minmay_freezing_vapour_temple_12

Action                   |  1- 3 |  4- 6 |  7- 9 || total
-------------------------+-------+-------+-------++-------
Melee: War axe           |    91 |    91 |       ||   182
       Short sword       |       |    98 |   115 ||   213
       Flail             |       |       |    18 ||    18
       Dagger            |       |       |   582 ||   582
Throw: Throwing net      |       |     1 |     2 ||     3
 Abil: Evoke Flight      |       |     2 |       ||     2
  Use: Scroll            |     2 |     6 |     8 ||    16
       Potion            |       |     3 |    10 ||    13
 Stab: Sleeping          |     3 |     8 |    25 ||    36
       Held in net/web   |       |     1 |       ||     1
       Distracted        |       |       |     6 ||     6
       Invisible         |       |       |     2 ||     2
  Eat: Chunk             |       |     7 |     6 ||    13
       Bread ration      |       |       |     3 ||     3
